 Dungeon Sprint DCSS version 0.28-a0-1510-gd0f6b136d3 (webtiles) character file.

Game seed: 14294222111029818518

184 mhtbhm the Covered (level 5, -2/51 (52) HPs)
             Began as a Minotaur Fighter on Jan 15, 2022.
             Was a Priest of Qazlal.
             Slain by a wight (4 damage)
             ... in the Dungeon (Sprint VII: "The Pits").
             The game lasted 00:00:52 (596 turns).

mhtbhm the Covered (Minotaur Fighter)                Turns: 596, Time: 00:00:52

HP:   -2/51 (52)    AC: 15    Str: 22    XL:     5   Next: 36%
MP:   7/7           EV:  6    Int:  5    God:    Qazlal [***...]
Gold: 0             SH:  9    Dex: 10    Spells: 4/4 levels left

rFire   . . .      SeeInvis .   a - +2 hand axe (freeze)
rCold   . . .      Faith    .   c - +0 buckler
rNeg    . . .      Spirit   .   b - +2 plate armour
rPois   .          Reflect  .   (helmet restricted)
rElec   .          Harm     .   (no cloak)
rCorr   .          Rampage  .   (no gloves)
Will    .....      NoTele   +   (no boots)
Stlth   ..........              (no amulet)
HPRegen 0.17/turn               (no ring)
MPRegen 0.10/turn               (no ring)

@: lightly drained
A: horns 2, retaliatory headbutt
a: Renounce Religion, Upheaval, Elemental Force


You were in the Dungeon.
You worshipped Qazlal.
Qazlal was most pleased with you.
You visited 1 branch

Inventory:

Hand Weapons
 a - a +2 hand axe of freezing (weapon)
 n - a +5 hand axe
Armour
 b - a +2 plate armour (worn)
 c - a +0 buckler (worn)
Scrolls
 j - a scroll of blinking
 l - 5 scrolls of amnesia
 m - a scroll of summoning
Potions
 d - a potion of might
 e - 6 potions of curing
 f - 6 potions of heal wounds
 g - a potion of haste
 h - 4 potions of magic
 i - 3 potions of berserk rage
 k - 2 potions of invisibility


   Skills:
 + Level 7.3 Fighting
 + Level 5.0 Axes
 + Level 7.7 Armour
 + Level 0.5 Dodging
 + Level 6.9 Shields
 * Level 4.5 Invocations


You had 4 spell levels left.
You didn't know any spells.
Your spell library was empty.

Dungeon Overview and Level Annotations

Branches:
Dungeon (1/1)

Altars:
Ashenzari
Cheibriados
Dithmenos
Elyvilon
Fedhas
Gozag
Hepliaklqana
Kikubaaqudgha
Makhleb
Nemelex Xobeh
Okawaru
Qazlal
Ru
Sif Muna
Trog
Uskayaw
Vehumet
Wu Jian
Xom
Yredelemnul
Zin
The Shining One
Beogh
Jiyva
Lugonu


Innate Abilities, Weirdness & Mutations

You have a pair of horns on your head.
You reflexively headbutt those who attack you in melee.


Message History

You start resting.
Magic restored.
Okay, then.
You start resting.
HP restored.
Items here: )) [[.
n - a +5 hand axe A river rat and an orc come into view.
The orc shouts!
A wight comes into view.
It is wielding a +3 halberd of freezing.
There is an open door here.
Something shouts, "Face thy requiem, thou jarring fly-bitten lout!"
A wight comes into view. It is wielding a +3 flail.
A white imp comes into view.
You hear an angry hiss.
The wight hits you with a +3 halberd of freezing!
You feel drained. The wight freezes you.
A wight comes into view. It is wielding a +0 flail.
You closely miss the wight.
The wight hits you with a +3 halberd of freezing.
The wight freezes you. You block the wight's attack.
Unknown command.
You hit the wight.
You headbutt the wight, but do no damage.
The wight is moderately damaged.
You hit the white imp.
A water moccasin comes into view.
The white imp gestures at you. The puff of frost hits you.
The wight barely misses you.
You barely miss the wight.
The wight is moderately damaged.
You hit the white imp but do no damage. You hit the river rat.
You freeze the river rat. The river rat bites you.
The white imp gestures at you. The puff of frost hits you!
* * * LOW HITPOINT WARNING * * *
The wight hits you with a +3 halberd of freezing!
* * * LOW HITPOINT WARNING * * *
The wight freezes you.
You die...

#.#..####))##.....
#.#..#..#))##.....
#.#.)#..#[[##.....
#)##'#..#'###...<.
#.#........##.....
#.#........##.....
#'###########.....
#.r.S...# ######
#@5#.#..# #z## #


#oz #z## #.. #.. ### You could see a water moccasin, 3 wights, a river rat, a
white imp and an orc.

Vanquished Creatures
  A scorpion (D)
  2 wights (D)
  A mummy (D)
  2 adders (D)
  A river rat (D)
  An endoplasm (D)
  A giant cockroach (D)
  A goblin (D)
  2 frilled lizards (D)
12 creatures vanquished.

Notes
Turn   | Place    | Note
-------+----------+-------------------------------------------
     0 | D        | mhtbhm the Minotaur Fighter began the quest for the Orb.
     0 | D        | Reached XP level 1. HP: 19/19 MP: 0/0
    18 | D        | Found a bloodstained altar of Trog.
    18 | D        | Found a shimmering blue altar of Sif Muna.
    18 | D        | Found a viscous altar of Jiyva.
    18 | D        | Found a hazy altar of Hepliaklqana.
    18 | D        | Found an opulent altar of Gozag.
    19 | D        | Found a glowing golden altar of the Shining One.
    19 | D        | Found a glowing silver altar of Zin.
    19 | D        | Found a basalt altar of Yredelemnul.
    19 | D        | Found a shimmering altar of Xom.
    19 | D        | Found an ornate altar of the Wu Jian Council.
    19 | D        | Found a sacrificial altar of Ru.
    19 | D        | Found a stormy altar of Qazlal.
    19 | D        | Found an iron altar of Okawaru.
    19 | D        | Found a sparkling altar of Nemelex Xobeh.
    19 | D        | Found a burning altar of Makhleb.
    19 | D        | Found a blossoming altar of Fedhas.
    19 | D        | Found a white marble altar of Elyvilon.
    19 | D        | Found a shadowy altar of Dithmenos.
    19 | D        | Found a snail-covered altar of Cheibriados.
    21 | D        | Found a radiant altar of Vehumet.
    21 | D        | Found a corrupted altar of Lugonu.
    22 | D        | Found a hide-covered altar of Uskayaw.
    22 | D        | Found an ancient bone altar of Kikubaaqudgha.
    22 | D        | Found a broken altar of Ashenzari.
    30 | D        | Became a worshipper of Qazlal Stormbringer
    72 | D        | Reached skill level 1 in Invocations
    72 | D        | Reached XP level 2. HP: 24/28 MP: 0/2
    98 | D        | Noticed a scorpion
   104 | D        | Reached * piety under Qazlal
   107 | D        | Reached skill level 5 in Fighting
   107 | D        | Reached skill level 5 in Armour
   107 | D        | Reached XP level 3. HP: 26/36 MP: 3/3
   109 | D        | Killed a scorpion
   110 | D        | Reached skill level 5 in Shields
   110 | D        | Reached XP level 4. HP: 17/44 MP: 3/5
   426 | D        | Reached ** piety under Qazlal
   545 | D        | Reached XP level 5. HP: 43/51 MP: 5/7
   547 | D        | Reached *** piety under Qazlal
   548 | D        | Reached skill level 5 in Axes
   595 | D        | Noticed a water moccasin
   596 | D        | HP: 2/51 [wight (11)]
   596 | D        | Slain by a wight

Illustrated notes

Levels and vault maps discovered:
D:        pitsprint [storerooms_1, entrance_room_1, metal_vault_2, armoury_1,
          mini_pit_1, grid_room_1, main_hall_1, silver_pit, the_coven_1,
          the_vestibule_1, steel_vault_4, golden_pit, hallway_of_sentries,
          crystal_vault_4, iron_vault_4, final_vault]

Skill      XL: |  1  2  3  4  5 |
---------------+----------------+-----
Fighting       | 4 5 6 7 |  7.3
Armour         | 4 5 6 7 |  7.7
Shields        | 4 5 6 |  6.9
Invocations    | 1 2 3 4 |  4.5
Axes           | 3 4 5 |  5.0
Dodging        | |  0.5

Action                   |  1- 3 |  4- 6 || total
-------------------------+-------+-------++-------
Melee: Hand axe          |    14 |    14 ||    28
       War axe           |     1 |       ||     1
       Headbutt          |     1 |     4 ||     5
Armor: Scale mail        |     6 |     2 ||     8
       Plate armour      |       |     1 ||     1
Dodge: Dodged            |     5 |     2 ||     7
Block: Buckler           |     2 |     3 ||     5

Table legend: (Time is in decaauts)
 A = Elapsed time spent in this place.
 B = Non-inter-level travel time spent in this place.
 C = Inter-level travel time spent in this place.
 D = Time resting spent in this place.
 E = Time spent auto-exploring this place.
 F = Levels seen in this place.
 G = Mean time per level.
                   A        B        C        D        E       F      G
               +--------+--------+--------+--------+--------+-----+--------+
         Total |    600 |    600 |      0 |    358 |     71 |   1 |  600.0 |
       Dungeon |    600 |    600 |      0 |    358 |     71 |   1 |  600.0 |
               +--------+--------+--------+--------+--------+-----+--------+

Top non-repeatable levels by time:
       D: 600 daAuts
